 Dungeon Crawl Stone Soup version 0.30-a0-6-g7c9e10e132 (webtiles) character file.

Game seed: 4920946968494553662

189 spaghetti the Trooper (level 5, -2/42 HPs)
             Began as a Mummy Berserker on Aug 22, 2022.
             Was a Priest of Trog.
             Slain by a black bear (5 damage)
             ... on level 4 of the Dungeon.
             The game lasted 00:04:22 (3029 turns).

spaghetti the Trooper (Mummy Berserker)             Turns: 3029, Time: 00:04:23

Health: -2/42      AC:  2    Str: 22    XL:     5   Next: 40%
Magic:  5/5        EV: 16    Int:  6    God:    Trog [***...]
Gold:   98         SH:  3    Dex: 12    Spells: 4/4 levels left

rFire   x . .      SeeInvis .    i - +2 hand axe (distort) {!waxe}
rCold   + . .      Faith    .    j - +0 buckler
rNeg    + + +      Spirit   .    a - +0 animal skin
rPois   ∞          Reflect  .    (no helmet)
rElec   .          Harm     .    (no cloak)
rCorr   .          Rampage  .    (no gloves)
Will    .....                    (no boots)
Stlth   +.........               (no amulet)
HPRegen 0.14/turn                f - +4 ring of evasion
MPRegen 0.09/turn                (no ring)

@: no status effects
A: cold resistance 1, negative energy resistance 3, torment resistance 2, heat
vulnerability 1, in touch with death 1, no potions
a: Renounce Religion, Trog's Hand


You were on level 4 of the Dungeon.
You worshipped Trog.
Trog was most pleased with you.
You visited 1 branch of the dungeon, and saw 4 of its levels.

You collected 98 gold pieces.


Innate Abilities, Weirdness & Mutations

You are immune to poison.
Your flesh is cold resistant. (rC+)
You are immune to negative energy. (rN+++)
You are immune to unholy pain and torment.
You are vulnerable to heat. (rF-)
You are in touch with the powers of death.
You do not drink.


   Skills:
 + Level 3.7 Fighting
 + Level 1.6 Axes
 + Level 2.5 Armour
 + Level 2.5 Dodging
 - Level 3.1 Unarmed Combat


You had 4 spell levels left.
You didn't know any spells.
Your spell library contained the following spells:

 Spells                   Type           Power      Damage    Failure   Level
 Sting                    Tmut/Pois      0%         1d3       56%         1
 Summon Small Mammal      Summ           0%         N/A       56%         1
 Poisonous Vapours        Pois/Air       0%         N/A       71%         2
 Call Canine Familiar     Summ           0%         N/A       90%         3
 Frozen Ramparts          Ice            0%         1d1       90%         3
 Summon Guardian Golem    Hex/Summ       0%         N/A       90%         3
 Olgreb's Toxic Radiance  Pois           0%         N/A       100%        4
 Summon Ice Beast         Ice/Summ       0%         N/A       100%        4
 Ice Form                 Ice/Tmut       Unusable   N/A       N/A         4

Inventory:

Hand Weapons
 c - a +0 dagger {short}
   (You took it off a goblin on level 1 of the Dungeon)
 e - a +0 sling
   (You found it on level 1 of the Dungeon)
 i - a +2 hand axe of distortion (weapon) {!waxe}
   (You found it on level 1 of the Dungeon)
Missiles
 b - 24 stones (quivered) {throwing}
 d - 11 boomerangs {throwing}
Armour
 a - a +0 animal skin (worn)
 j - a +0 buckler (worn)
   (You found it on level 3 of the Dungeon)
Jewellery
 f - a +4 ring of evasion (left hand)
   (You found it on level 2 of the Dungeon)
Wands
 h - a wand of paralysis (4)
   (You found it on level 3 of the Dungeon)
Scrolls
 g - a scroll of magic mapping {!r}
 k - a scroll of teleportation {@r4}
 l - a scroll of identify {@r1}

Dungeon Overview and Level Annotations

Branches:
Dungeon (4/15) Zot: 20937
 Temple: D:4-7

Altars:
Sif Muna
Xom

Shops:
D:1 *[*: D:3

( <)# )## .###
## ...# .#
##.# .# #.# .#
##.# .# ...#
.##########.#
####
......h@....#
>.....####..#
.####.# #..#
#.# #..# #.#
#..# #######
#.####.####..#
.......
#............#
..#####
######.####.##
#.# #.# #.#


You could see a black bear.


Message History

You slash the orc wizard!
Space warps around the orc wizard.
You feel less confused. The orc wizard barely misses you.
You hit the orc wizard.
You kill the orc wizard!
Trog accepts your kill.
Trog appreciates your killing of a magic user.
Things that are here:
a +0 dagger {short}; a +0 robe; 😕 HP[+1]
d - 11 boomerangs {throwing} (gained 2)
Items here: )) [ †.
Key pressed, stopping explore.
Items here: )) [ †.
Things that are here:
a +0 dagger {short}; a +0 robe Key pressed, stopping explore.
k - a scroll of teleportation {@r4} 😎 HP[+9]
Your hp is fully restored (42).
You see here a lumpy yellow potion.
Key pressed, stopping explore.
You now have 91 gold pieces (gained 16).
You now have 98 gold pieces (gained 7).
l - a scroll of identify {@r1} No target in view!
You don't have any unidentified items.
Unknown command.
A black bear comes into view.
A black bear is nearby!
A black bear is nearby!
Found a stone staircase leading down.
The black bear bites you. The black bear claws you. The black bear misses you.
You are too injured to fight recklessly! 😕 HP[-4]
You take 4 damage, and now have 38/42 hp.
You are too injured to fight recklessly!
You are too injured to fight recklessly!
You are too injured to fight recklessly!
You are too injured to fight recklessly!
You are too injured to fight recklessly!
You are too injured to fight recklessly!
You are too injured to fight recklessly!
You are too injured to fight recklessly!
You are too injured to fight recklessly!
You are too injured to fight recklessly!
You are too injured to fight recklessly!
You are too injured to fight recklessly!
You are too injured to fight recklessly!
You are too injured to fight recklessly!
Unknown command.
You barely miss the black bear. The black bear bites you.
The black bear claws you.
The black bear barely misses you. 😮 HP[-8]
You take 8 damage, and now have 30/42 hp.
You barely miss the black bear. You block the black bear's attack.
The black bear claws you.
The black bear claws you but does no damage. 😮 HP[-4]
You take 4 damage, and now have 26/42 hp.
You hit the black bear.
Space warps around the black bear.
The black bear bites you.
* * * LOW HITPOINT WARNING * * *
You block the black bear's attack. The black bear barely misses you.
The black bear bites you.
* * * LOW HITPOINT WARNING * * *
The black bear claws you.
* * * LOW HITPOINT WARNING * * *
You block the black bear's attack. 😨 HP[-12]
You take 12 damage, and now have 14/42 hp.
MASSIVE DAMAGE!! (PAUSE)
You hit the black bear.
Space warps horribly around the black bear!
The black bear barely misses you. The black bear claws you.
* * * LOW HITPOINT WARNING * * *
The black bear claws you.
* * * LOW HITPOINT WARNING * * *
😱 HP[-6]
You take 6 damage, and now have 8/42 hp.
You can't drink.
Okay, then.
You closely miss the black bear.
The black bear bites you but does no damage.
The black bear barely misses you.
The black bear claws you but does no damage.
You hit the black bear but do no damage.
The black bear bites you.
* * * LOW HITPOINT WARNING * * *
The black bear claws you.
* * * LOW HITPOINT WARNING * * *
The black bear claws you.
* * * LOW HITPOINT WARNING * * *
The black bear bites you but does no damage.
The black bear barely misses you. x2 😱 HP[-5]
You take 5 damage, and now have 3/42 hp.
Unknown command.
You completely miss the black bear. The black bear closely misses you.
You block the black bear's attack. The black bear claws you.
You die...

Skill      XL: |  1  2  3  4 |
---------------+-------------+-----
Unarmed Combat | 3 |  3.1
Armour         | 2 |  2.5
Dodging        | 2 |  2.5
Axes           | 1 |  1.6
Fighting       | |  3.7

Action                   |  1- 3 |  4- 6 || total
-------------------------+-------+-------++-------
Melee: Unarmed           |    37 |       ||    37
       Hand axe          |    59 |    64 ||   123
       Punch             |     2 |       ||     2
  Use: Scroll            |     6 |       ||     6
 Stab: Sleeping          |     1 |     1 ||     2
Armor: Animal skin       |    31 |    19 ||    50
Dodge: Dodged            |    83 |    63 ||   146
Block: Buckler           |       |     4 ||     4

Levels and vault maps discovered:
D:1:      co_arrival_two_rings, layout_basic, serial_shops, shop_fountains,
          shop, shop, shop, minmay_lizard_pond
D:2:      cheibrodos_helix_gallery, layout_basic
D:3:      layout_loops_ring, lemuel_round_altar, xom_confusion_cloud,
          serial_shops, nicolae_square_shop
D:4:      layout_loops_ring

Notes
Turn   | Place    | Note
-------+----------+-------------------------------------------
     0 | D:1      | spaghetti the Mummy Berserker began the quest for the Orb.
     0 | D:1      | Reached XP level 1. HP: 18/18 MP: 1/1
     0 | D:1      | magus.rc [v1.9.6]
   265 | D:1      | Found Fintovid's Book Shoppe.
   277 | D:1      | Reached skill level 3 in Unarmed Combat
   277 | D:1      | Reached XP level 2. HP: 23/24 MP: 2/2
   555 | D:1      | Found Kiulid's General Store.
   575 | D:1      | Found Eklalek's Antique Armour Boutique.
   594 | D:1      | Reached ** piety under Trog
   595 | D:1      | Gained mutation: You are in touch with the powers of death.
                  | [Mummy growth]
   595 | D:1      | Reached XP level 3. HP: 24/29 MP: 3/3
   780 | D:1      | Found Idwadam's Assorted Antiques.
  1169 | D:2      | You pick up a book of Rime {forbidden} and begin reading...
  1169 | D:2      | You add the spells Frozen Ramparts and Summon Ice Beast to
                  | your library.
  1300 | D:2      | Reached skill level 2 in Armour
  1300 | D:2      | Reached skill level 2 in Dodging
  1483 | D:2      | You add the spells Sting, Poisonous Vapours and Olgreb's
                  | Toxic Radiance to your library.
  1496 | D:2      | Reached XP level 4. HP: 30/35 MP: 4/4
  1543 | D:2      | Reached skill level 1 in Axes
  1997 | D:3      | Reached *** piety under Trog
  2225 | D:3      | Found Qaetan's Weapon Shoppe.
  2279 | D:3      | Found a shimmering altar of Xom.
  2409 | D:3      | You pick up a book of Callings {forbidden} and begin
                  | reading...
  2409 | D:3      | You add the spells Summon Small Mammal, Call Canine
                  | Familiar and Summon Guardian Golem to your library.
  2539 | D:3      | Found a shimmering blue altar of Sif Muna.
  2809 | D:4      | Reached XP level 5. HP: 42/42 MP: 5/5
  3019 | D:4      | Noticed a black bear
  3026 | D:4      | HP: 9/42 [black bear (5)]
  3028 | D:4      | HP: 4/42 [black bear (3)]
  3029 | D:4      | Slain by a black bear

Vanquished Creatures
  2 orc wizards (D:4)
  4 adders
  A worm (D:2)
  2 dart slugs (D:1)
  5 orcs
  17 bats
  11 endoplasms
  2 giant cockroaches
  8 hobgoblins
  5 quokkas
  5 ball pythons
  12 frilled lizards
  3 goblins
  5 kobolds
  5 rats
87 creatures vanquished.

Vanquished Creatures (others)
  A rat (D:3)
1 creature vanquished.

Grand Total: 88 creatures vanquished

Table legend:
 A = Non-vault XP
 B = Vault XP
 C = Vault XP percentage of total XP
 D = Non-vault monster count
 E = Vault monster count
 F = Vault count percentage of total count
                 A         B        C        D         E       F
            +---------+---------+-------+---------+---------+-------
      Total |     215 |      56 |  20.7 |      67 |      22 |  24.7
            +---------+---------+-------+---------+---------+-------
        D:1 |      51 |       8 |  13.6 |      31 |       8 |  20.5
        D:2 |      58 |       3 |   4.9 |      19 |       2 |   9.5
        D:3 |      26 |      45 |  63.4 |      12 |      12 |  50.0
        D:4 |      80 |       0 |   0.0 |       5 |       0 |   0.0
            +---------+---------+-------+---------+---------+-------

Illustrated notes

Table legend:
 A = Kills in this place as a percentage of kills in entire the game.
 B = Kills by you in this place as a percentage of kills by you in the entire game.
 C = Kills by friends in this place as a percentage of kills by friends in the entire game.
 D = Other kills in this place as a percentage of other kills in the entire game.
 E = Experience gained in this place as a percentage of experience gained in the entire game.
 F = Experience gained in this place divided by the number of levels of this place that you have seen.
                   A       B       C       D       E      F
               +-------+-------+-------+-------+-------+----------------------
         Total | 100.0 | 100.0 |   N/A | 100.0 | 100.0 |  67.8
       Dungeon | 100.0 | 100.0 |   N/A | 100.0 | 100.0 |  67.8
               +-------+-------+-------+-------+-------+----------------------

Table legend: (Time is in decaauts)
 A = Elapsed time spent in this place.
 B = Non-inter-level travel time spent in this place.
 C = Inter-level travel time spent in this place.
 D = Time resting spent in this place.
 E = Time spent auto-exploring this place.
 F = Levels seen in this place.
 G = Mean time per level.
                   A        B        C        D        E       F      G
               +--------+--------+--------+--------+--------+-----+--------+
         Total |   3061 |   2978 |     83 |      0 |   2550 |   4 |  765.2 |
       Dungeon |   3061 |   2978 |     83 |      0 |   2550 |   4 |  765.2 |
               +--------+--------+--------+--------+--------+-----+--------+

Top non-repeatable levels by time:
     D:1: 1176 daAuts
     D:3: 833 daAuts
     D:2: 826 daAuts
     D:4: 225 daAuts
